 Dungeon Crawl Stone Soup version 0.29.0-13-gc9e81de378 (webtiles) character file.

Game seed: 14361487096045643562

67 xian the Poker (level 3, -1/49 HPs)
             Began as a Troll Wanderer on Sept 9, 2022.
             Succumbed to Sigmund's poison
             ... on level 2 of the Dungeon.
             The game lasted 00:04:25 (1237 turns).

xian the Poker (Troll Wanderer)                     Turns: 1237, Time: 00:04:26

Health: -1/49      AC: 21    Str: 20    XL:     3   Next: 98%
Magic:  0/3        EV:  1    Int: 10    God:
Gold:   77         SH:  6    Dex:  9    Spells: 3/4 levels left

rFire   . . .      SeeInvis .   a - +2 spear
rCold   . . .      Faith    .   b - +0 kite shield
rNeg    . . .      Spirit   .   (body armour currently unavailable)
rPois   +          Reflect  .   (helmet currently unavailable)
rElec   .          Harm     .   (cloak currently unavailable)
rCorr   .          Rampage  .   (gloves unavailable)
Will    .....      NoTele   +   (boots unavailable)
Stlth   +.........              (no amulet)
HPRegen 0.96/turn               (no ring)
MPRegen 0.08/turn               (no ring)

@: lethally poisoned (-1 -> -10), tree-form
A: stationary, stasis, torment immunity, boosted hp, large, unfitting armour,
(claws 3), regeneration 1, (shaggy fur 1), (tough skin 1)
a: no special abilities


You were on level 2 of the Dungeon.
You were a tree.
You visited 1 branch of the dungeon, and saw 3 of its levels.

You collected 77 gold pieces.

Inventory:

Hand Weapons
 a - a +2 spear (weapon)
Armour
 b - a +0 kite shield (worn)
 d - a +0 robe (melded)
Magical Staves
 i - a staff of cold
Scrolls
 c - a scroll of silence
 g - a scroll of enchant armour {unknown}
 h - a scroll of enchant weapon
 j - a scroll of summoning {unknown}
 k - a scroll of amnesia {unknown}
 n - a scroll of noise {unknown}
 o - 2 scrolls of teleportation
Potions
 e - 2 potions of attraction
 f - a potion of curing {unknown}
 m - 2 potions of haste {unknown}
 p - 2 potions of mutation {unknown}
 q - 3 potions of lignification


   Skills:
 + Level 1.5 Fighting
 + Level 3.0 Polearms
 + Level 2.1 Dodging
 + Level 1.1 Stealth
 + Level 1.3 Shields
 + Level 1.1 Spellcasting
 + Level 1.0 Summonings


You had 3 spell levels left.
You knew the following spells:

 Your Spells              Type           Power      Damage    Failure   Level
a - Summon Small Mammal   Summ           8%         N/A       50%         1

Your spell library contained the following spells:

 Spells                   Type           Power      Damage    Failure   Level
 Call Canine Familiar     Summ           2%         N/A       86%         3


Dungeon Overview and Level Annotations

Branches:
Dungeon (3/15)

Altars:
Fedhas

Annotations:
D:2 Sigmund


Innate Abilities, Weirdness & Mutations

You are a tree.
Your roots penetrate the ground, keeping you stationary.
You cannot be teleported.
You are immune to unholy pain and torment.
Your maximum health is greatly increased.
Your equipment is partially melded.
You are too large for most types of armour.
((You have claws for hands.))
Your natural rate of healing is unusually fast.
((You are covered in fur. (AC +1)))
((You have tough skin. (AC +1)))


Message History

Your rat's corpse disappears in a puff of smoke!
You block Sigmund's attack.
Your bat hits Sigmund but does no damage.
Sigmund hits your bat with a +1 scythe of venom!
Your bat dies!
Your bat's corpse disappears in a puff of smoke!
You are out of magic!
You are out of magic!
You hit Sigmund.
Sigmund is lightly wounded.
You hit Sigmund.
Sigmund is lightly wounded.
Sigmund hits you with a +1 scythe of venom.
You are poisoned.
You hit Sigmund.
Sigmund is moderately wounded.
You feel very sick. Sigmund casts a spell at you. The magic dart hits you.
You hit Sigmund.
Sigmund is heavily wounded.
You feel very sick.
Sigmund points at you and mumbles some strange words.
The magic dart hits you.
You hit Sigmund.
Sigmund is severely wounded.
You feel sick. Sigmund barely misses you.
You closely miss Sigmund.
Sigmund is severely wounded.
You feel sick.
Sigmund hits you with a +1 scythe of venom!
* * * LOW HITPOINT WARNING * * *
You are lethally poisoned!
You closely miss Sigmund.
Sigmund is severely wounded.
* * * LOW HITPOINT WARNING * * *
You feel very sick.
It was a potion of lignification.
You turn into a tree.
Your +0 robe melds into your body.
Your roots penetrate the ground.
You die...

#. #.....'.'....'........†...# #
#.###.....###....################
..........'.+..÷.................
#.........###......##############
..........# #<................
........### ##......#########.
........# #.............#
........# #......######.#
........# #..♣...# .### ........#
####@#.# .... ......†.# #.###
##### ###.....# #.# #.... #
#.....# #.. #....#.... # #.....#
... #....#.... # #.....# ....
#....+.... # ####### ....
#....#.... ...### #....#....


You could see Sigmund.

Vanquished Creatures
  A gnoll (D:1)
  2 adders (D:2)
  A worm (D:2)
  2 dart slugs (D:1)
  A ball python (D:1)
  5 endoplasms
  A giant cockroach (D:2)
  A goblin (D:2)
  4 hobgoblins
  5 kobolds
  A quokka (D:1)
  4 bats
  2 frilled lizards
  A rat (D:1)
31 creatures vanquished.

Notes
Turn   | Place    | Note
-------+----------+-------------------------------------------
     0 | D:1      | xian the Troll Wanderer began the quest for the Orb.
     0 | D:1      | xian set off with the following items: a +2 spear, a +0
                  | kite shield, a scroll of silence, a +0 robe; and the
                  | following spell memorised: Summon Small Mammal; and the
                  | following spells available to memorise: Call Canine
                  | Familiar.
     0 | D:1      | Reached XP level 1. HP: 19/19 MP: 1/1
    71 | D:1      | Reached XP level 2. HP: 13/27 MP: 2/2
   377 | D:1      | Reached XP level 3. HP: 33/33 MP: 3/3
   935 | D:2      | Found a blossoming altar of Fedhas.
   998 | D:2      | Found a faded altar of an unknown god.
  1040 | D:2      | Reached skill level 3 in Polearms
  1117 | D:2      | You fall into a shaft and drop 1 floor!
  1215 | D:2      | Noticed Sigmund
  1236 | D:2      | HP: 1/33 [poisoned by Sigmund]
  1237 | D:2      | Succumbed to Sigmund's poison

Illustrated notes

Levels and vault maps discovered:
D:1:      dpeg_arrival_leaves_temple_mockup, layout_basic, st_stairs_7,
          hangedman_decor_opposing
D:2:      layout_basic, hellmonk_ecumenical_altar_run_dry, basic_altar,
          uniq_sigmund
D:3:      layout_rooms, serial_shops, nicolae_shop_hallway_stairs

Skill      XL: |  1  2  3 |
---------------+----------+-----
Dodging        | 2 |  2.1
Polearms       | 3 |  3.0
Fighting       | |  1.5
Stealth        | |  1.1
Shields        | |  1.3
Spellcasting   | |  1.1
Summonings     | |  1.0

Action                   || total
-------------------------++-------
Melee: Spear             ||   115
 Cast: Summon Small Mamm ||     4
  Use: Scroll            ||     3
       Potion            ||     1
 Stab: Sleeping          ||     2
Armor: Robe              ||    35
Dodge: Dodged            ||    48
Block: Kite shield       ||    38
